 Dungeon Crawl Stone Soup version 0.20.1-1-g8b1a95d (webtiles) character file.

237 Kunitse the Cutter (level 6, -1/39 HPs)
             Began as a Kobold Berserker on Oct 5, 2017.
             Was a Believer of Trog.
             Killed by nerve-wracking pain
             ... invoked by an orc priest
              (5 damage)
             ... on level 4 of the Dungeon.
             The game lasted 00:16:48 (2917 turns).

Kunitse the Cutter (Kobold Berserker)               Turns: 2917, Time: 00:16:48

Health: -1/39      AC: 11    Str: 15    XL:     6   Next: 28%
Magic:  6/6        EV: 10    Int:  8    God:    Trog [**....]
Gold:   208        SH:  0    Dex: 16    Spells: 5/5 levels left

rFire    . . .     SeeInvis .   a - +0 short sword
rCold    + . .     Gourm    .   (shield restricted)
rNeg     . . .     Faith    .   w - +0 chain mail {rC+}
rPois    .         Spirit   .   (no helmet)
rElec    .         Reflect  .   q - scarf {cloud immunity}
rCorr    .         Harm     .   d - +0 pair of gloves
MR       .....                  p - +0 pair of boots
Stlth    ..........             (no amulet)
Regen    0.2/turn               (no ring)
MPRegen  0.1/turn               (no ring)

@: no status effects
A: carnivore 3
a: Berserk, Trog's Hand, Burn Spellbooks, Renounce Religion


You were on level 4 of the Dungeon.
You worshipped Trog.
Trog was pleased with you.
You were completely stuffed.

You visited 1 branch of the dungeon, and saw 4 of its levels.

You collected 208 gold pieces.

Inventory:

Hand Weapons
 a - a +0 short sword (weapon)
 t - a +2 long sword of slicing
Armour
 b - a +0 animal skin
 d - a +0 pair of gloves (worn)
 g - a +0 chain mail
 p - a +0 pair of boots (worn)
 q - a scarf of cloud immunity (worn)
 w - a +0 chain mail of cold resistance (worn)
Jewellery
 e - an uncursed amulet of harm {unknown}
Wands
 h - a wand of disintegration (9/24)
Scrolls
 f - 2 scrolls of blinking {unknown}
 i - 2 scrolls of immolation {unknown}
 j - 3 scrolls of amnesia {unknown}
 m - a scroll of enchant armour {unknown}
 o - 2 scrolls of teleportation {unknown}
 s - 4 scrolls of remove curse {unknown}
 y - a scroll of recharging {unknown}
 z - 3 scrolls of identify {unknown}
Potions
 k - a potion of haste {unknown}
 n - 2 potions of ambrosia {unknown}
 r - 2 potions of degeneration {unknown}
 u - a potion of flight {unknown}
 v - 2 potions of heal wounds {unknown}
 x - 2 potions of lignification {unknown}
Comestibles
 c - 3 meat rations
 l - a royal jelly
 A - a chunk of flesh


   Skills:
 + Level 4.5 Fighting
 * Level 6.4 Short Blades
 + Level 2.8 Armour
 - Level 3.0 Dodging
 - Level 0.4 Stealth


You had 5 spell levels left.
You didn't know any spells.

Dungeon Overview and Level Annotations

Branches:
Dungeon (4/15)             Temple (0/1) D:4

Altars:
Cheibriados
Elyvilon
Fedhas
Makhleb
Ru

Annotations:
D:4 JaMaZz's ghost, amateur HuNe


Innate Abilities, Weirdness & Mutations

You are small and have problems with some larger weapons.
You are carnivorous and can eat meat at any time.


Message History

The orc priest barely misses you.
You completely miss the orc priest.
The orc priest is moderately wounded.
The orc priest calls upon Beogh to heal the orc priest.
The orc priest's wounds heal themselves!
You hit the orc priest.
The orc priest is moderately wounded.
The orc priest calls down the wrath of Beogh upon you.
Pain shoots through your body!
The orc priest mumbles some strange prayers to Beogh against you.
Beogh smites you!
An orc comes into view. It is wielding a mace.
The orc priest miscasts a cantrip.
The orc priest looks braver for a moment.
The orc priest invokes the aid of Beogh against you.
Beogh smites you!
* * * LOW HITPOINT WARNING * * *
The orc priest mumbles some strange prayers to Beogh against you.
Pain shoots through your body!
You die...

^.........( .........# ......#.###
..###.....## .o........o## ##
#....#####W.#### ####.
###...#####oo..### .....
....#...####.....###############.
.######.รท.......@................
.# ####............### ####. ##
##........##...# #.
#......#...##.########.
#..........>........... ##
#......####....#######. .#
#.....># ###.......#.. ...#
###.#### ##......... ##.# #.#
##..#.....


You could see an orc priest, JaMaZz's ghost and 2 orcs.

Vanquished Creatures
  A phantom (D:4)
  A centaur skeleton (D:4)
  A worker ant (D:4)
  2 adders (D:3)
  4 dart slugs
  A leopard gecko (D:3)
  10 orcs
  3 giant cockroaches
  4 goblins
  12 hobgoblins
  2 jackals (D:2)
  6 kobolds
  A quokka (D:2)
  3 bats
  5 frilled lizards
  7 rats
63 creatures vanquished.

Notes
Turn   | Place    | Note
-------+----------+-------------------------------------------
     0 | D:1      | Kunitse the Kobold Berserker began the quest for the Orb.
     0 | D:1      | Reached XP level 1. HP: 14/14 MP: 1/1
    69 | D:1      | Reached XP level 2. HP: 18/19 MP: 2/2
   424 | D:1      | Reached XP level 3. HP: 23/23 MP: 3/3
   853 | D:2      | Found a white marble altar of Elyvilon.
  1050 | D:2      | Found a blossoming altar of Fedhas.
  1123 | D:2      | Found a white marble altar of Elyvilon.
  1124 | D:2      | Found a snail-covered altar of Cheibriados.
  1124 | D:2      | Found a sacrificial altar of Ru.
  1129 | D:2      | Found a burning altar of Makhleb.
  1162 | D:2      | Reached ** piety under Trog
  1552 | D:3      | Reached XP level 4. HP: 20/29 MP: 4/4
  1851 | D:3      | Reached skill level 5 in Short Blades
  2287 | D:3      | Reached XP level 5. HP: 33/33 MP: 5/5
  2440 | D:4      | Found a staircase to the Ecumenical Temple.
  2474 | D:4      | Noticed a phantom
  2519 | D:4      | Killed a phantom
  2519 | D:4      | Reached skill level 6 in Short Blades
  2828 | D:4      | Reached XP level 6. HP: 35/39 MP: 6/6
  2880 | D:4      | Noticed JaMaZz's ghost (amateur HuNe)
  2917 | D:4      | Killed from afar by an orc priest

Skill      XL: |  1  2  3  4  5 |
---------------+----------------+-----
Armour         | 2 |  2.8
Short Blades   | 5 6 |  6.4
Fighting       | 4 |  4.5
Dodging        | 3 |  3.0
Stealth        | |  0.4

Action                   |  1- 3 |  4- 6 || total
-------------------------+-------+-------++-------
Melee: Short sword       |   177 |   188 ||   365
Invok: Berserk           |       |     1 ||     1
 Stab: Distracted        |     1 |       ||     1
  Eat: Chunk             |    10 |     6 ||    16
Armor: Animal skin       |     7 |       ||     7
       Chain mail        |    79 |    77 ||   156
Dodge: Dodged            |    72 |    69 ||   141
